 Dungeon Crawl Stone Soup version 0.31-a0-564-g3b7de120b3 (webtiles) character file.

Game seed: 15107226806684782051

1919051 motkurizz the Plane Walker (level 27, 246/246 HPs)
             Began as a Djinni Fire Elementalist on Aug 17, 2023.
             Was the Champion of Ashenzari.
             Escaped with the Orb
             ... and 3 runes on Aug 18, 2023!
             The game lasted 05:54:09 (52937 turns).

motkurizz the Plane Walker (DjFE)                  Turns: 52937, Time: 05:54:09

Health: 246/246    AC: 30    Str:  6    XL:     27
Gold:   5790       EV: 31    Int: 38    God:    Ashenzari [******] SH: 35 Dex: 25

rFire   + . .        v - staff of the Cursed Heavens (curse) {Fly rElec rC- Str+3 Air, Dev, Elem} (curse)
rCold   . . .        c - +8 tower shield of Supernal Gnosis {rPois rCorr Int+4 Dex-4, Cun, Comp} (curse)
rNeg    + + +        y - +3 troll leather armour "Ensconced Disgust" {Regen+, Pargi, Bglg, Cun} (curse)
rPois   ∞            q - +3 crown of Dyrovepreva {rElec Int+2 SInv, Elem, Comp} (curse)
rElec   +            Z - +4 dragonskin cloak {Self, Comp} (curse)
rCorr   +            X - +1 pair of gloves of Ashenzari's Stars {rN+ Regen+ Slay-3, Dev, Fort} (curse)
SInv    +            (boots unavailable)
Will    +....        O - amulet of the Elysian Gnosis {*Corrode rElec rC++ Regen+ MP+9, Self, Fort} (curse)
Stlth   ++           Q - ring of the Wild Blue Yonder {rF- rN+++ AC+4 Str-2 Dex+6, Range, Elem} (curse)
HPRegen 3.01/turn    i - ring of Ashenzari's Loss {Will- AC+4 Int+5 Dex+5, Dev, Melee} (curse)
MPRegen 0.00/turn

%: corrode self (3%), clarity
@: flying, studying 2 skills
A: sickness immunity, fire resistance 2, cold vulnerability 1, float, innate
caster, HP casting, extra vitality 1, fangs 1, iridescent scales 1, berserk 1,
mutation resistance 1, robust 1, weak 1
0: Orb of Zot
}: 3/15 runes: decaying, silver, gossamer
a: Renounce Religion, Shatter the Chains


You escaped.
You worshipped Ashenzari.
Ashenzari was exalted by your worship.
You visited 10 branches of the dungeon, and saw 48 of its levels.
You visited the Abyss 1 time.
You also visited: Trove, Sewer, Bailey, Gauntlet, Ice Cave and Desolation.

You collected 8041 gold pieces.
You spent 2251 gold pieces at shops.

Inventory:

Missiles
 V - 2 throwing nets
Armour
 c - the cursed +8 tower shield of Supernal Gnosis (worn) {rPois rCorr Int+4 Dex-4, Cun, Comp}
   (You found it in a treasure trove)

   Int+4:     It affects your intelligence (+4).
   Dex-4:     It affects your dexterity (-4).
   rPois:     It protects you from poison rCorr: It protects you from acid and
   corrosion.
   It has a curse which improves the following skills: Cunning: Dodging and
   Stealth.
   Companions: Summonings and Necromancy.
 k - the +4 tower shield "Dudoegh" {rPois rC+ Will+}
   (You found it in a treasure trove)

   rC+:       It protects you from cold.
   rPois:     It protects you from poison Will+: It increases your willpower.
 p - the +5 cloak of Mavva {Int-5 Dex+9}
   (You found it in the Desolation of Salt)

   Int-5:     It affects your intelligence (-5).
   Dex+9:     It affects your dexterity (+9).
 q - the cursed +3 crown of Dyrovepreva (worn) {rElec Int+2 SInv, Elem, Comp}
   (You found it in the Desolation of Salt)

   Int+2:     It affects your intelligence (+2).
   rElec:     It insulates you from electricity.
   SInv:      It lets you see invisible.
   It has a curse which improves the following skills: Elements: Fire Magic, Ice
   Magic, Air Magic and Earth Magic.
   Companions: Summonings and Necromancy.
 y - the cursed +3 troll leather armour "Ensconced Disgust" (worn) {Regen+, Pargi, Bglg, Cun}
   (You found it in a sewer)

   Regen+:    It increases your rate of health regeneration.
   It has a curse which improves the following skills: Beguiling: Conjurations,
   Hexes and Translocations.
   Cunning:   Dodging and Stealth.
 X - the cursed +1 pair of gloves of Ashenzari's Stars (worn) {rN+ Regen+ Slay-3, Dev, Fort}
   (You found it on level 4 of the Spider Nest)

   Slay-3:    It affects your accuracy & damage with ranged weapons and melee
   (-3).
   rN+:       It protects you from negative energy.
   Regen+:    It increases your rate of health regeneration.
   It has a curse which improves the following skills: Devices: Evocations and
   Shapeshifting.
   Fortitude: Armour and Shields.
 Z - the cursed +4 dragonskin cloak (worn) {Self, Comp}
   (You took it off Tiamat on level 1 of the Realm of Zot)

   Avatar's Aegis: It grants the wearer a chance to resist fire, cold, poison,
   electricity, acid, and negative energy.
   It has a curse which improves the following skills: Introspection: Fighting
   and Spellcasting.
   Companions: Summonings and Necromancy.
Magical Staves
 a - the staff of the Boiling Point {rElec rF- rC+ Str+3 Int+5 Air}
   (You found it on level 5 of the Vaults)

   [staff of air]

   Base accuracy: +5 Base damage: 5 Base attack delay: 1.2 This weapon's minimum
   attack delay (0.6) is reached at skill level 12.
   Str+3:     It affects your strength (+3).
   Int+5:     It affects your intelligence (+5).
   rF-:       It makes you vulnerable to fire.
   rC+:       It protects you from cold.
   rElec:     It insulates you from electricity.
   Air:       It increases the power of your Air spells.
   It falls into the 'Staves' category.
   It is a one-handed weapon.
 v - the cursed staff of the Cursed Heavens (weapon) {Fly rElec rC- Str+3 Air, Dev, Elem}
   (You found it on level 5 of the Lair of Beasts)

   [staff of air]

   Base accuracy: +5 Base damage: 5 Base attack delay: 1.2 This weapon's minimum
   attack delay (0.6) is reached at skill level 12.
   Str+3:     It affects your strength (+3).
   rC-:       It makes you vulnerable to cold.
   rElec:     It insulates you from electricity.
   Fly:       It grants you flight.
   Air:       It increases the power of your Air spells.
   It falls into the 'Staves' category.
   It is a one-handed weapon.
   It has a curse which improves the following skills: Devices: Evocations and
   Shapeshifting.
   Elements:  Fire Magic, Ice Magic, Air Magic and Earth Magic.
Jewellery
 i - the cursed ring of Ashenzari's Loss (right hand) {Will- AC+4 Int+5 Dex+5, Dev, Melee}
   (You found it in a treasure trove)

   [ring of protection]

   AC+4:      It affects your AC (+4).
   Int+5:     It affects your intelligence (+5).
   Dex+5:     It affects your dexterity (+5).
   Will-:     It decreases your willpower.
   It has a curse which improves the following skills: Devices: Evocations and
   Shapeshifting.
   Melee Combat: Short Blades, Long Blades, Axes, Maces & Flails, Polearms,
   Staves and Unarmed Combat.
 u - the ring "Ducas" {rF+ Int+6}
   (You found it in a treasure trove)

   [ring of intelligence]

   Int+6:     It affects your intelligence (+6).
   rF+:       It protects you from fire.
 N - the ring of Virtue {Will++ Int+6}
   (You found it in a treasure trove)

   [ring of intelligence]

   Int+6:     It affects your intelligence (+6).
   Will++:    It greatly increases your willpower.
 O - the cursed amulet of the Elysian Gnosis (around neck) {*Corrode rElec rC++ Regen+ MP+9, Self, Fort}
   (You took it off a deep elf death mage on level 3 of the Elven Halls)

   [amulet of regeneration]

   rC++:      It greatly protects you from cold.
   rElec:     It insulates you from electricity.
   MP+9:      It affects your magic capacity (+9).
   Regen+:    It increases your rate of health regeneration.
   *Corrode:  It may corrode you when you take damage.
   It has a curse which improves the following skills: Introspection: Fighting
   and Spellcasting.
   Fortitude: Armour and Shields.
 Q - the cursed ring of the Wild Blue Yonder (left hand) {rF- rN+++ AC+4 Str-2 Dex+6, Range, Elem}
   (You found it in a Gauntlet)

   [ring of protection]

   AC+4:      It affects your AC (+4).
   Str-2:     It affects your strength (-2).
   Dex+6:     It affects your dexterity (+6).
   rF-:       It makes you vulnerable to fire.
   rN+++:     It renders you almost immune to negative energy.
   It has a curse which improves the following skills: Ranged Combat: Ranged
   Weapons and Throwing.
   Elements:  Fire Magic, Ice Magic, Air Magic and Earth Magic.
 U - a +4 ring of slaying
Wands
 f - a wand of quicksilver (30)
 t - a wand of flame (15)
 I - a wand of roots (51)
 M - a wand of paralysis (48)
 T - a wand of digging (2)
 Y - a wand of mindburst (52)
Scrolls
 d - 4 scrolls of enchant weapon
 e - 9 scrolls of immolation
 g - 4 scrolls of butterflies
 r - a scroll of silence
 w - 8 scrolls of fear
 C - 13 scrolls of vulnerability
 E - 8 scrolls of enchant armour
 F - 24 scrolls of teleportation
 G - 14 scrolls of fog
 H - 3 scrolls of revelation
 J - 3 scrolls of brand weapon
 L - 8 scrolls of blinking
 W - 5 scrolls of poison
Potions
 b - 7 potions of invisibility
 h - 2 potions of might
 j - 4 potions of brilliance
 l - 4 potions of resistance
 n - 3 potions of haste
 o - 10 potions of curing
 s - 6 potions of enlightenment
 x - 4 potions of attraction
 z - 12 potions of ambrosia
 A - 7 potions of heal wounds
 B - a potion of berserk rage
 D - 4 potions of cancellation
 P - 3 potions of mutation
Miscellaneous
 m - a lightning rod (4/4)
 K - a condenser vane
 R - a phial of floods
 S - a phantom mirror


   Skills:
 + Level 22.8(26.0) Fighting
 - Level 10.0(12.4) Staves
 + Level 15.6(19.1) Armour
 + Level 20.1(23.3) Dodging
 - Level 3.0(6.0) Stealth
 + Level 21.9(25.1) Shields
 * Level 22.2(25.3) Spellcasting
 * Level 22.2(24.3) Conjurations
 * Level 22.2(24.3) Hexes
 * Level 22.2(26.4) Summonings
 O Level 27 Necromancy
 O Level 27 Translocations
 * Level 22.2 Transmutations
 * Level 22.2(26.4) Fire Magic
 * Level 22.2(26.4) Ice Magic
 * Level 22.2(26.4) Air Magic
 * Level 22.2(26.4) Earth Magic
 * Level 22.2 Poison Magic
 - Level 7.3(12.0) Evocations


You knew the following spells:

 Your Spells              Type           Power      Damage    Failure   Level
a - Ozocubu's Armour      Ice            100%       N/A       0%          3
b - Scorch                Fire           100%       2d9       0%          2
c - Volatile Blastmotes   Fire/Tloc      100%       2d18      0%          3
d - Discord               Hex            62%        N/A       1%          8
e - Flame Wave            Conj/Fire      100%       2d21      0%          4
f - Fire Storm            Conj/Fire      63%        8d16      2%          9
g - Summon Guardian Gole  Hex/Summ       100%       N/A       0%          3
h - Haunt                 Necr/Summ      64%        N/A       0%          7
i - Call Imp              Summ           100%       N/A       0%          2
j - Silence               Hex/Air        76%        N/A       0%          5
k - Dispersal             Tloc           65%        N/A       0%          6
l - Summon Small Mammal   Summ           100%       N/A       0%          1
m - Inner Flame           Hex/Fire       100%       N/A       0%          3
n - Enfeeble              Hex            62%        N/A       1%          7
o - Foxfire               Conj/Fire      100%       2x1d9     0%          1
r - Freezing Cloud        Conj/Ice/Air   76%        6-21      0%          5
s - Simulacrum            Ice/Necr       64%        N/A       0%          6
w - Maxwell's Capacitive  Air            77%        ∞         1%          8
Your spell library was empty.

Dungeon Overview and Level Annotations

Branches:
Dungeon (15/15)            Temple (1/1) D:5            Lair (5/5) D:8
  Swamp (4/4) Lair:2       Spider (4/4) Lair:2        Slime (0/5) Lair:4
    Orc (2/2) D:10            Elf (3/3) Orc:2        Vaults (5/5) D:13
  Crypt (0/3) Vaults:3     Depths (4/4) D:15            Zot (5/5) Depths:4
  Sewer (visited)          Bailey (visited)           IceCv (visited)
Desolation (visited)      Gauntlet (visited)

Altars:
Ashenzari
Cheibriados
Dithmenos
Elyvilon
Fedhas
Gozag
Hepliaklqana
Makhleb
Nemelex Xobeh
Okawaru
Qazlal
Ru
Trog
Uskayaw
Wu Jian
Xom
Yredelemnul
Zin
The Shining One
Jiyva
Lugonu

Shops:
D:3 =   D:6 *   D:9 [   Orc:1 =   Orc:2 [([[(   Elf:1 :   Elf:2 =   Elf:3 =[[=
Vaults:1 *   Vaults:2 [   Vaults:5 ?   Depths:1 :*

Portals:
Hell: Depths:1 Depths:2 Depths:3 Depths:4
Abyss: Lair:5 Depths:3
Pandemonium: Depths:1 Depths:2
Ziggurat: Depths:2

Annotations:
D:5 3 runed translucent doors, Thantalas's ghost, amateur OpSh; zurenarrh's ghost, amateur DjFE
D:6 exclusion: downstairs
D:7 exclusion: upstairs
D:8 exclusion: upstairs
D:13 exclusion: downstairs
Lair:1 exclusion: downstairs
Spider:2 3 runed translucent doors, Nacwyfagh's ghost, adept MiFi; Zopta's ghost, adept TeFi
Elf:2 3 runed translucent doors
Vaults:4 2 transporters, Fauhuump's ghost, adept TeAE


Innate Abilities, Weirdness & Mutations

You are immune to sickness and miasma.
You are immune to poison.
Your flesh is very heat resistant. (rF++)
You are vulnerable to cold. (rC-)
You float through the air rather than walking.
You learn spells naturally, not from books.
Your magical power is your life essence.
You have superior vitality. (+4 MHP)
You have very sharp teeth.
You are partially covered in iridescent scales. (AC +2)
You sometimes lose your temper in combat.
You are somewhat resistant to further mutation.
You are robust. (+10% HP)
You are weak. (Str -2)


Message History

A Wiosafuo and an orange demon come into view.
Blink to where?
Press: ? - help, Dir - move target
As you read the scroll of blinking, it crumbles to dust.
Wiosafuo moves out of view.
The orange demon moves out of view.
You feel yourself speed up.
There is a stone staircase leading up here.
You fly upwards.
There is a stone staircase leading down here.
What level of the Dungeon? (default 1, ? - help)
An ice devil comes into view.
There is an escape hatch in the ceiling here.
A mysterious force pulls you upwards. The hatch slams shut behind you.
What level of the Dungeon? (default 1, ? - help)
You sense a monster nearby.
A Hell Sentinel comes into view.
Casting: Haunt (safe; 0% risk of failure)
Confirm with . or Enter, or press ? or * to list all spells.
Aiming: Haunt (safe; 0% risk of failure)
Press: ? - help, Dir - move target, f - Hell Sentinel
Aim: a Hell Sentinel Insubstantial figures form in the air.
Unknown command.
Something hits your phantasmal warrior! Something hits your phantasmal warrior.
Blink to where?
Press: ? - help, Dir - move target, p - Hell Sentinel
As you read the scroll of blinking, it crumbles to dust.
There is a stone staircase leading up here.
You fly upwards.
There is a stone staircase leading down here.
Unknown command.
Your extra speed is starting to run out.
You feel yourself slow down.
You sense a monster nearby.
There is an open door here.
Things that are here:
5 stones; a +0 whip
There is an open door here.
There is a staircase leading out of the dungeon here.
You have escaped!

#.####...........##.##.#
#'#####'#.......###.....
#≈.~≈~.~#.####### ####.#
#~≈.P.≈P#.# #..
#P~..~≈~#.# ###
#~~..~.~#.# #.≈~.~~.#.#
#~≈..####.# #~P.P..@#.#
#########.##############
#.....................
#.......##############
####.#### ###


There were no monsters in sight!

Vanquished Creatures
  2 dread liches
  5 orbs of fire (Zot:5)
  Tiamat (Zot:1)
  An ancient lich (Zot:5)
  Mara (Vaults:4)
  The ghost of Cyqimiab the Merfolkian Porcupine, a legendary MfGl of Ru (Zot:1)
  Margery (Vaults:4)
  4 Killer Klowns (Zot:5)
  Bai Suzhen (Elf:3)
  A caustic shrike (Depths:3)
  2 curse toes
  3 golden dragons
  A profane servitor (Abyss:3)
  the Enchantress (Depths:2)
  3 electric golems
  6 tentacled monstrosities
  8 Orb Guardians (Zot:5)
  A titan (Vaults:5)
  A lich (Depths:3)
  A deep elf master archer (Elf:3)
  5 quicksilver dragons
  A deep elf blademaster (Elf:3)
  7 death cobs
  3 draconian monks
  6 shadow dragons
  A tengu reaver (Vaults:5)
  6 draconian knights
  8 storm dragons
  5 fire giants
  3 vault wardens
  4 deep elf sorcerers
  An iron dragon (Vaults:5)
  3 frost giants
  3 imperial myrmidons (Desolation)
  2 balrugs
  7 ghost moths
  2 draconian scorchers (Zot:3)
  2 spriggan defenders (Depths:2)
  A draconian stormcaller (Zot:5)
  4 ironbound preservers
  6 caustic shrike skeletons (Depths:2)
  3 orc warlords (Orc:2)
  2 very ugly things
  A demonspawn blood saint (Zot:1)
  5 war gargoyles
  2 broodmothers
  4 formless jellyfish
  2 deep elf demonologists
  6 stone giants
  4 ironbound thunderhulks
  8 black draconians
  5 vampire knights
  7 dire elephants
  2 green draconians (Zot:5)
  Azrael (D:13)
  2 halazid warlocks (Desolation)
  A minotaur (Gauntlet)
  3 deep elf annihilators (Elf:3)
  6 yellow draconians
  3 purple draconians
  3 white draconians
  4 spark wasps
  5 red draconians
  Snorg (D:14)
  7 deep elf death magi
  3 ettins
  3 crystal guardians
  A green death (Depths:1)
  8 yaktaur captains
  4 fire dragons
  4 great orbs of eyes
  6 ragged hierophants (Desolation)
  5 entropy weavers
  3 servants of whispers (Desolation)
  13 hydras
  6 ice dragons
  7 vault guards
  11 peacekeepers
  2 rakshasas (Depths:2)
  5 alligators
  3 spriggan air magi
  A ghost crab (Swamp:3)
  Erica (D:10)
  5 centaur warriors
  4 two-headed ogres
  A jorogumo (Spider:2)
  A catoblepas (Lair:2)
  3 ogre magi
  A death knight (D:10)
  4 ironbound frosthearts
  12 boulder beetles
  12 dancing weapons
  3 radroaches
  3 deep troll earth magi
  2 tengu warriors (D:15)
  9 death yaks
  2 deep troll shamans
  5 demonic crawlers
  5 spriggan berserkers (Depths:2)
  4 hell knights
  14 deep elf knights
  4 thrashing horrors
  The ghost of WhatIsLove the Protected, a novice HOMo of Beogh (D:6)
  A shadow wraith (Abyss:3)
  Sonja (D:11)
  A skyshark (Lair:5)
  2 sixfirhies
  3 wretched stars
  3 iron trolls (Depths:1)
  3 sun moths
  5 pharaoh ants
  9 deep trolls
  Amaemon (Lair:3)
  Lodul (D:13)
  3 orb spiders
  7 spriggan druids
  4 goliath frogs
  A swamp dragon (Swamp:4)
  11 wizards
  8 steelbarb worms
  2 wolf spider zombies (Spider:1)
  11 ironbound convokers
  2 spriggan riders (Depths:2)
  2 lindwurms
  3 harpies (Vaults:2)
  2 bog bodies
  5 spectral wolf spiders (Spider:1)
  4 phantasmal warriors (Vaults:5)
  4 deep elf archers
  6 necromancers
  26 deep elf pyromancers
  23 ugly things
  15 deep elf zephyrmancers
  2 orc knights
  A faun (shapeshifter) (Lair:5)
  5 manticores
  6 cyclopes
  An oklob plant (Swamp:2)
  5 orc sorcerers
  15 wolf spiders
  2 will-o-the-wisps
  3 black mambas
  A guardian serpent (shapeshifter) (Elf:2)
  A moth of wrath (shapeshifter) (D:15)
  3 elephants (Lair:2)
  4 vault sentinels
  16 moths of wrath
  11 slime creatures
  A smoke demon (Depths:1)
  6 torpor snails
  A guardian serpent (Desolation)
  16 cane toads
  An orange demon (Lair:3)
  A molten gargoyle (Desolation)
  3 gargoyles
  Jeremiah (D:7)
  A hellion (Zot:3)
  8 rime drakes
  2 efreet (D:15)
  An unseen horror (D:12)
  A freezing wraith (Vaults:5)
  2 kobold demonologists (D:14)
  11 komodo dragons
  2 tengu conjurers
  15 yaktaurs
  6 meliai
  9 trolls
  2 red devils
  3 wolf spider simulacra (Spider:1)
  3 polar bears
  4 tyrant leeches
  16 hornets
  42 saltlings (Desolation)
  5 raiju
  15 tarantellas
  16 blink frogs
  8 dream sheep
  2 air elementals
  3 ynoxinuls
  4 large abominations
  22 spriggans
  23 jumping spiders
  16 culicivoras
  2 shadows
  3 wraiths
  60 yaks
  A yak (shapeshifter) (Lair:5)
  A steam dragon (shapeshifter) (D:15)
  5 water elementals
  Grum (D:10)
  A basilisk (shapeshifter) (Elf:2)
  10 basilisks
  4 wyverns
  A redback (shapeshifter) (Vaults:5)
  3 fire elementals
  40 redbacks
  5 steam dragons
  24 vampire mosquitoes
  2 chaos spawn (Lair:5)
  5 wargs
  4 swamp worms
  3 acid dragons
  26 water moccasins
  A floating eye (D:15)
  3 hell hounds (D:13)
  A swamp drake (shapeshifter) (Vaults:5)
  5 swamp drakes
  2 black bears
  Pargi (Sewer)
  40 orc warriors
  14 ogres
  11 wolves
  18 centaurs
  A phantom (D:4)
  10 bullfrogs
  An earth elemental (Elf:3)
  2 kobold brigands
  3 gnoll sergeants
  5 scorpions
  5 wights (D:7)
  3 killer bees (D:11)
  2 lindwurm simulacra (IceCv)
  An electric eel (D:15)
  8 howler monkeys
  12 small abominations (Lair:5)
  8 komodo dragon simulacra (IceCv)
  3 hounds
  A jelly (D:5)
  A gnoll bouda (D:10)
  16 orc priests
  2 sleepcaps
  4 starcursed masses (Abyss:3)
  6 iguanas
  28 orc wizards
  17 gnolls
  4 acid dragon simulacra (IceCv)
  13 adders
  A white imp (D:7)
  5 steam dragon simulacra (IceCv)
  4 ufetubi
  2 worms
  A dart slug (D:1)
  111 orcs
  6 ball pythons
  9 bats
  7 endoplasms
  4 giant cockroaches
  9 hobgoblins
  4 jackals (D:4)
  13 kobolds
  A quokka (D:4)
  2 frilled lizards
  10 goblins
  8 rats
  A spectral hobgoblin (D:6)
  A foxfire (Vaults:1)
1562 creatures vanquished.

Vanquished Creatures (collateral kills)
  2 dread liches
  An ancient lich (Vaults:5)
  3 Killer Klowns
  the Lernaean hydra (Swamp:4)
  Saint Roka (Vaults:4)
  A golden dragon (Depths:4)
  2 caustic shrikes (Depths:3)
  3 electric golems
  6 tentacled monstrosities
  2 liches
  4 quicksilver dragons
  18 Orb Guardians
  A sphinx (Vaults:5)
  3 titans (Vaults:5)
  A deep elf master archer (Elf:3)
  6 death cobs
  A tentacled starspawn (Abyss:3)
  A thorn hunter (Swamp:4)
  5 tengu reavers
  Roxanne (Swamp:2)
  4 shadow dragons
  9 storm dragons
  6 fire giants
  An azure jelly (shapeshifter) (Depths:3)
  3 draconian monks
  2 deep elf sorcerers
  A draconian knight (Zot:1)
  An iron dragon (Vaults:5)
  2 ghost moths
  3 frost giants
  An imperial myrmidon (Desolation)
  3 draconian scorchers
  An emperor scorpion (Spider:4)
  12 vault wardens
  4 angels (Zot:4)
  4 draconian stormcallers
  The ghost of Xetzi the Bludgeoner, a journeyman MiBe of Trog (Swamp:1)
  5 draconian shifters
  3 spriggan defenders (Depths:2)
  A broodmother (Spider:4)
  2 deep elf elementalists (Elf:3)
  14 ironbound preservers
  A war gargoyle (Vaults:1)
  3 draconian annihilators
  3 ironbound thunderhulks
  4 stone giants
  11 very ugly things
  A formless jellyfish (shapeshifter) (Zot:4)
  4 eleionomae
  A formless jellyfish (Vaults:2)
  4 deep elf demonologists
  8 green draconians
  A vampire knight (Depths:1)
  9 black draconians
  3 spark wasps (Depths:3)
  11 purple draconians
  A deep elf annihilator (Elf:2)
  10 white draconians
  6 red draconians
  2 dire elephants
  8 yellow draconians
  A bunyip (Swamp:4)
  11 ettins
  5 deep elf death magi
  2 fire dragons (Depths:1)
  4 entropy weavers
  3 great orbs of eyes (Vaults:3)
  5 deep elf high priests
  6 yaktaur captains
  A ragged hierophant (Desolation)
  3 servants of whispers (Desolation)
  9 hydras
  2 peacekeepers (Desolation)
  27 vault guards
  3 spriggan air magi
  2 ice dragons
  2 ghost crabs
  A jorogumo (Spider:3)
  10 alligators
  5 boulder beetles (Spider:4)
  A radroach (Spider:4)
  A tengu warrior (Depths:2)
  6 ironbound frosthearts
  4 death yaks (Depths:2)
  3 deep troll shamans
  A deep troll earth mage (Depths:1)
  5 hell knights
  5 demonic crawlers
  4 sun demons (Depths:1)
  4 deep elf knights
  6 iron trolls
  4 sun moths
  2 pharaoh ants (Spider:4)
  A spriggan rider (Depths:2)
  A sea snake (shapeshifter) (Vaults:5)
  A shadow wraith (Vaults:5)
  2 wretched stars (Abyss:3)
  3 goliath frogs
  5 swamp dragons (Swamp:4)
  A flayed ghost (Vaults:5)
  44 deep trolls
  An orb spider (shapeshifter) (Depths:3)
  5 orb spiders
  6 spriggan druids
  An obsidian statue (Zot:5)
  2 harpies (Vaults:2)
  3 glowing orange brains
  13 ironbound convokers
  5 deep elf archers
  5 wizards
  11 deep elf zephyrmancers
  8 phantasmal warriors
  12 ugly things
  12 steelbarb worms
  15 deep elf pyromancers
  A lindwurm (Vaults:1)
  2 orc knights (Vaults:5)
  An orc sorcerer (Orc:2)
  3 necromancers
  7 wolf spiders
  2 will-o-the-wisps
  7 vault sentinels
  9 moths of wrath
  3 torpor snails
  2 smoke demons
  An orange demon (Zot:4)
  A komodo dragon (shapeshifter) (Depths:2)
  A hellion (Abyss:3)
  9 yaktaurs
  3 tengu conjurers
  A red devil (Abyss:3)
  2 freezing wraiths (Vaults:5)
  3 meliai (Spider:4)
  6 hornets
  21 saltlings (Desolation)
  4 raiju (Abyss:3)
  7 tyrant leeches
  9 tarantellas
  13 slime creatures
  9 culicivoras
  A vampire (Abyss:3)
  25 spriggans
  An air elemental (Elf:3)
  5 jumping spiders
  A water elemental (Elf:2)
  2 chaos spawn (Zot:4)
  A neqoxec (D:13)
  3 hogs (Swamp:2)
  A fire elemental (Elf:3)
  A small abomination (Abyss:3)
  20 redbacks
  4 wargs (Orc:2)
  5 vampire mosquitoes
  2 large abominations (Abyss:3)
  8 swamp worms
  7 swamp drakes
  10 orc warriors
  A snapping turtle skeleton (Abyss:3)
  An earth elemental (Elf:2)
  An electric eel (Spider:3)
  3 orc priests
  5 orc wizards (Orc:2)
  15 orcs
  A butterfly (Zot:4)
  A fire vortex (Zot:3)
  11 foxfires
  A starspawn tentacle (Abyss:3)
806 creatures vanquished.

Vanquished Creatures (others)
  A caustic shrike (Depths:3)
  Kirke (Swamp:2)
  A draconian monk (Zot:5)
  A frost giant (Depths:3)
  A vault warden (Vaults:5)
  A draconian scorcher (Depths:4)
  A draconian stormcaller (Zot:4)
  2 very ugly things (Depths:3)
  A stone giant (Vaults:5)
  A white draconian (Zot:2)
  A red draconian (Zot:3)
  A vault guard (Vaults:5)
  A deep troll shaman (Depths:3)
  A deep elf knight (Elf:2)
  A fire crab (shapeshifter) (Zot:4)
  A skyshark (Lair:2)
  A swamp dragon (Swamp:4)
  A wizard (D:15)
  An ugly thing (D:15)
  A moth of wrath (Zot:4)
  An elephant (Lair:2)
  2 ice statues (IceCv)
  A guardian serpent (Desolation)
  A komodo dragon (Lair:2)
  A bloated husk (Swamp:4)
  A hornet (Lair:1)
  A dream sheep (Lair:2)
  A jumping spider (Spider:4)
  A water elemental (Depths:4)
  A wyvern (Lair:5)
  5 yaks
  A komodo dragon simulacrum (IceCv)
  A gnoll (D:8)
  An acid dragon simulacrum (IceCv)
  An orc (D:6)
  A butterfly (Depths:1)
  31 fire vortices
  1065 foxfires
  A starspawn tentacle (Abyss:3)
1139 creatures vanquished.

Grand Total: 3507 creatures vanquished

Notes
Turn   | Place    | Note
-------+----------+-------------------------------------------
     0 | D:1      | motkurizz the Djinni Fire Elementalist began the quest for
                  | the Orb.
     0 | D:1      | motkurizz set off with the following spells memorised:
                  | Foxfire, Scorch, Volatile Blastmotes, Inner Flame, Flame
                  | Wave.
     0 | D:1      | Reached XP level 1. HP: 15/15 MP: 0/0
   252 | D:1      | Reached XP level 2. HP: 17/21 MP: 0/0
  1246 | D:2      | Reached XP level 3. HP: 23/25 MP: 0/0
  1246 | D:2      | Learned a level 1 spell: Summon Small Mammal
  1811 | D:3      | Reached XP level 4. HP: 29/31 MP: 0/0
  1840 | D:3      | Found Tiwaof's One-of-a-Kind Rings.
  2111 | D:3      | Reached skill level 1 in Fighting
  2408 | D:4      | Reached XP level 5. HP: 28/38 MP: 0/0
  2408 | D:4      | Learned a level 2 spell: Call Imp
  2510 | D:4      | Reached XP level 6. HP: 34/47 MP: 0/0
  2587 | D:4      | Found a glowing drain.
  2595 | Sewer    | Entered a sewer
  2662 | Sewer    | Noticed Pargi
  2667 | Sewer    | Killed Pargi
  2796 | D:4      | Reached skill level 5 in Fighting
  2796 | D:4      | Reached XP level 7. HP: 51/54 MP: 0/0
  2796 | D:4      | Learned a level 3 spell: Summon Guardian Golem
  2926 | D:4      | Reached skill level 1 in Armour
  2926 | D:4      | Reached skill level 5 in Translocations
  3254 | D:5      | Entered Level 5 of the Dungeon
  3470 | D:5      | Found a snail-covered altar of Cheibriados.
  3608 | D:5      | Found a runed translucent gate.
  3608 | D:5      | Found a runed translucent gate.
  3608 | D:5      | Found a runed translucent gate.
  3609 | D:5      | Noticed Thantalas's ghost (amateur OpSh)
  3610 | D:5      | Noticed zurenarrh's ghost (amateur DjFE)
  3830 | D:5      | Found a staircase to the Ecumenical Temple.
  3840 | Temple   | Entered the Ecumenical Temple
  3910 | D:5      | Identified the +12 rapier of Midwinter {antimagic, rPois
                  | rF- rCorr SInv}
  4063 | D:6      | Noticed a water moccasin
  4068 | D:6      | Killed a water moccasin
  4125 | D:6      | Reached XP level 8. HP: 57/59 MP: 0/0
  4264 | D:6      | Reached skill level 5 in Spellcasting
  4264 | D:6      | Reached skill level 5 in Conjurations
  4264 | D:6      | Reached skill level 5 in Hexes
  4264 | D:6      | Reached skill level 5 in Summonings
  4264 | D:6      | Reached skill level 5 in Necromancy
  4264 | D:6      | Reached skill level 5 in Transmutations
  4264 | D:6      | Reached skill level 5 in Fire Magic
  4264 | D:6      | Reached skill level 5 in Ice Magic
  4264 | D:6      | Reached skill level 5 in Air Magic
  4264 | D:6      | Reached skill level 5 in Earth Magic
  4264 | D:6      | Reached skill level 5 in Poison Magic
  4288 | D:6      | Found Urru's Assorted Antiques.
  4294 | D:6      | Bought a scroll labelled RIUL DEOROI for 24 gold pieces
  4294 | D:6      | Bought a short bronze wand for 96 gold pieces
  4294 | D:6      | Bought a twisted silver wand for 96 gold pieces
  4294 | D:6      | Bought a scroll labelled OJIROKK IQURCHI for 24 gold pieces
  4294 | D:6      | Bought a red potion for 21 gold pieces
  4294 | D:6      | Bought a white potion for 21 gold pieces
  4541 | D:6      | Found a runed translucent door.
  4546 | D:6      | Noticed WhatIsLove's ghost (novice HOMo)
  4663 | D:7      | Noticed Jeremiah
  4961 | D:6      | Killed WhatIsLove's ghost
  4962 | D:6      | Reached XP level 9. HP: 65/70 MP: 0/0
  4962 | D:6      | Learned a level 3 spell: Ozocubu's Armour
  5193 | D:6      | Found a hazy altar of Hepliaklqana.
  5237 | D:7      | Noticed a wizard
  5407 | D:8      | Found a flagged portal.
  5417 | Bailey   | Entered a bailey
  5637 | Bailey   | Reached XP level 10. HP: 54/78 MP: 0/0
  5879 | Bailey   | Reached skill level 5 in Dodging
  5968 | Bailey   | Identified the +10 hand axe "Lauc" {heavy, *Rage Fly rPois
                  | Will++ Str+3}
  6322 | D:8      | Reached skill level 10 in Translocations
  6357 | D:8      | Found a stormy altar of Qazlal.
  6400 | D:8      | Noticed a komodo dragon
  6414 | D:8      | Killed a komodo dragon
  6415 | D:8      | Reached skill level 10 in Fighting
  6548 | D:8      | Reached skill level 1 in Evocations
  6594 | D:8      | Found a staircase to the Lair.
  6626 | D:8      | Reached XP level 11. HP: 81/85 MP: 0/0
  6626 | D:8      | Learned a level 5 spell: Freezing Cloud
  6809 | Lair:1   | Entered Level 1 of the Lair of Beasts
  7137 | Lair:1   | Found a frozen archway.
  7145 | IceCv    | Entered an ice cave
  7988 | IceCv    | Noticed an ice dragon
  8339 | IceCv    | HP: 1/85 [ice dragon/blast of cold (46)]
  8485 | IceCv    | Reached XP level 12. HP: 91/91 MP: 0/0
  8961 | Lair:1   | Reached skill level 1 in Shields
  9489 | Lair:1   | Reached skill level 10 in Spellcasting
  9489 | Lair:1   | Reached skill level 10 in Conjurations
  9489 | Lair:1   | Reached skill level 10 in Hexes
  9489 | Lair:1   | Reached skill level 10 in Summonings
  9489 | Lair:1   | Reached skill level 10 in Necromancy
  9489 | Lair:1   | Reached skill level 10 in Transmutations
  9489 | Lair:1   | Reached skill level 10 in Fire Magic
  9489 | Lair:1   | Reached skill level 10 in Ice Magic
  9489 | Lair:1   | Reached skill level 10 in Air Magic
  9489 | Lair:1   | Reached skill level 10 in Earth Magic
  9489 | Lair:1   | Reached skill level 10 in Poison Magic
  9554 | Lair:2   | Noticed a four-headed hydra
  9578 | Lair:2   | Noticed a catoblepas
  9633 | Lair:2   | Killed a catoblepas
  9662 | Lair:2   | Killed a four-headed hydra
  9665 | Lair:3   | Noticed Amaemon
  9744 | Lair:2   | Noticed a seven-headed hydra
  9836 | Lair:2   | Killed a seven-headed hydra
  9837 | Lair:2   | Reached skill level 10 in Dodging
  9926 | Lair:2   | Noticed a boulder beetle
  9933 | Lair:2   | Reached XP level 13. HP: 91/99 MP: 0/0
  9933 | Lair:2   | Learned a level 5 spell: Silence
 10182 | Lair:2   | Found a staircase to the Swamp.
 10557 | Lair:2   | Found a hole to the Spider Nest.
 11016 | Lair:3   | Killed Amaemon
 11197 | Lair:3   | Identified the +0 leather armour of True Grit {rN++ rCorr
                  | Int-5 Dex+3}
 11694 | D:9      | Found Qesch's Armour Shop.
 11796 | D:9      | Found a shimmering altar of Xom.
 11905 | D:10     | Entered Level 10 of the Dungeon
 11923 | D:10     | Noticed Grum
 11930 | D:10     | Killed Grum
 12236 | D:10     | Noticed Erica
 12247 | D:10     | Killed Erica
 12435 | D:10     | Found a staircase to the Orcish Mines.
 12538 | D:10     | Reached skill level 5 in Armour
 12538 | D:10     | Reached skill level 5 in Shields
 12556 | D:10     | Reached XP level 14. HP: 57/108 MP: 0/0
 12674 | D:10     | Found a broken altar of Ashenzari.
 12674 | D:10     | Found an iron altar of Okawaru.
 12762 | D:10     | Became a worshipper of Ashenzari the Shackled
 13794 | Lair:4   | Reached * piety under Ashenzari
 14059 | Lair:4   | Reached skill level 15 in Translocations
 14139 | Lair:4   | Identified a scroll of acquirement
 14170 | Lair:4   | Acquired the amulet "Purirual" {rN+ Regen+}
 14325 | Lair:4   | Reached ** piety under Ashenzari
 14494 | Lair:4   | Identified the +0 leather armour of the Pit {rF+ Str-2
                  | Dex+6 SInv}
 14600 | Lair:4   | Found a viscous altar of Jiyva.
 14600 | Lair:4   | Found a staircase to the Slime Pits.
 14669 | Lair:5   | Entered Level 5 of the Lair of Beasts
 14910 | Lair:5   | Reached *** piety under Ashenzari
 15217 | Lair:5   | Reached XP level 15. HP: 115/116 MP: 0/0
 15217 | Lair:5   | Learned a level 6 spell: Simulacrum
 15255 | Lair:5   | Identified the +5 scale mail of Evolution {rC+}
 15513 | Lair:5   | Found a basalt altar of Yredelemnul.
 15784 | Lair:5   | Identified the +6 orcbow of Joyful Slaughter {freeze,
                  | Fragile rPois rCorr Str+5}
 15820 | Lair:5   | Found a corrupted altar of Lugonu.
 15884 | Lair:5   | Found a one-way gate to the infinite horrors of the Abyss.
 15886 | Lair:5   | Identified the staff "Ehaffon" {Fly rElec rC- Str+3 Air}
 16151 | D:7      | Killed Jeremiah
 16708 | Orc:1    | Entered Level 1 of the Orcish Mines
 16779 | Orc:1    | Found Leofed's Jewellery Emporium.
 16986 | Orc:2    | Entered Level 2 of the Orcish Mines
 16986 | Orc:2    | Found Pyko Hey's Antique Armour Shop.
 17000 | Orc:2    | Noticed an orc warlord
 17011 | Orc:2    | Killed an orc warlord
 17044 | Orc:2    | Found a gate leading to a gauntlet.
 17047 | Orc:2    | Reached **** piety under Ashenzari
 17055 | Orc:2    | Noticed an orc warlord
 17083 | Orc:2    | Killed an orc warlord
 17100 | Gauntlet | Entered a Gauntlet
 17100 | Gauntlet | Found a transporter.
 17100 | Gauntlet | Found a transporter.
 17118 | Gauntlet | Found a transporter.
 17121 | Gauntlet | Found a transporter.
 17129 | Gauntlet | Found a transporter.
 17132 | Gauntlet | Found a transporter.
 17140 | Gauntlet | Found a transporter.
 17160 | Gauntlet | Found a transporter.
 17180 | Gauntlet | Found a transporter.
 17181 | Gauntlet | Found a transporter.
 17194 | Gauntlet | Found a transporter.
 17194 | Gauntlet | Found a transporter.
 17230 | Gauntlet | Identified the ring "Exaxtirr" {rF- rN+++ AC+4 Str-2 Dex+6}
 17649 | Gauntlet | Identified the staff "Killer Bee's Death" {Fly rElec rF-
                  | rN++ Earth}
 17916 | Orc:2    | Noticed an orc warlord
 17948 | Orc:2    | Killed an orc warlord
 18012 | Orc:2    | Found a staircase to the Elven Halls.
 18532 | Orc:2    | Reached skill level 15 in Fighting
 18709 | Orc:2    | Found Cojugikk's Armour Shop.
 18871 | Orc:2    | Found Duceh's Antique Weapon Shop.
 18873 | Orc:2    | Found Jowkekh's Antique Armour Boutique.
 18880 | Orc:2    | Bought a pair of runed gloves for 232 gold pieces
 18941 | Orc:2    | Found Oxkyheem's Weapon Shop.
 19281 | D:11     | Reached ***** piety under Ashenzari
 19412 | D:11     | Reached XP level 16. HP: 129/130 MP: 0/0
 19514 | D:11     | Noticed Sonja
 19517 | D:11     | Killed Sonja
 19955 | D:12     | Reached skill level 15 in Dodging
 20571 | D:13     | Noticed Azrael
 20578 | D:13     | Killed Azrael
 20736 | D:13     | Found a portal to a secret trove of treasure.
 20801 | D:13     | Noticed Lodul
 20807 | D:13     | Killed Lodul
 21333 | D:13     | Found a gate to the Vaults.
 21593 | D:14     | Noticed Snorg
 21606 | D:14     | Killed Snorg
 21763 | D:14     | Found a shadowy altar of Dithmenos.
 22001 | D:14     | Found the +3 pair of seven-league boots {Rampage+∞}
 22102 | D:15     | Entered Level 15 of the Dungeon
 22289 | D:15     | Reached XP level 17. HP: 138/138 MP: 0/0
 22289 | D:15     | Learned a level 6 spell: Dispersal
 22466 | D:15     | Reached skill level 1 in Staves
 22513 | D:15     | Noticed an acid blob
 22518 | D:15     | an acid blob changed into a golden dragon
 22518 | D:15     | Noticed a golden dragon (glowing shapeshifter)
 22525 | D:15     | a golden dragon changed into a caustic shrike
 22525 | D:15     | Noticed a caustic shrike (glowing shapeshifter)
 22533 | D:15     | Noticed an acid blob
 22799 | D:15     | Found a staircase to the Depths.
 23066 | D:15     | Found a blossoming altar of Fedhas.
 23251 | D:15     | Reached ****** piety under Ashenzari
 23482 | Spider:1 | Entered Level 1 of the Spider Nest
 23821 | Spider:1 | Reached skill level 5 in Staves
 23886 | Spider:1 | Reached skill level 5 in Evocations
 24619 | Spider:2 | Reached XP level 18. HP: 146/146 MP: 0/0
 24658 | Spider:2 | Found a runed translucent gate.
 24666 | Spider:2 | Found a runed translucent gate.
 24668 | Spider:2 | Found a runed translucent gate.
 24668 | Spider:2 | Noticed Nacwyfagh's ghost (adept MiFi)
 24668 | Spider:2 | Noticed Zopta's ghost (adept TeFi)
 24683 | Spider:2 | Identified the amulet "Qeigewel" {Faith rPois}
 26120 | Spider:4 | Entered Level 4 of the Spider Nest
 26171 | Spider:3 | Gained mutation: You are frail. (-10% HP) [mutagenic glow]
 26181 | Spider:3 | Gained mutation: You occasionally shout uncontrollably at
                  | your foes. [mutagenic glow]
 26311 | Spider:4 | Reached skill level 10 in Shields
 26492 | Spider:4 | Reached XP level 19. HP: 115/138 MP: 0/0
 26492 | Spider:4 | Learned a level 7 spell: Enfeeble
 26562 | Spider:4 | Identified the +1 pair of gloves of Ethereal Birdsong {rN+
                  | Regen+ Slay-3}
 26572 | Spider:4 | Got a gossamer rune of Zot
 27734 | Swamp:1  | Entered Level 1 of the Swamp
 27770 | Swamp:1  | Found a runed translucent gate.
 27788 | Swamp:1  | Found a runed translucent gate.
 27790 | Swamp:1  | Found a runed translucent gate.
 27796 | Swamp:1  | Identified the +0 scale mail "Kikupn" {Int+6}
 27975 | Swamp:1  | Acquired a manual of Necromancy
 28102 | Swamp:1  | Noticed Xetzi's ghost (journeyman MiBe)
 28130 | Swamp:1  | Killed Xetzi's ghost
 28253 | Swamp:2  | Noticed Roxanne
 28253 | Swamp:2  | Noticed Kirke
 28443 | Swamp:2  | Killed Roxanne
 28505 | Swamp:2  | Killed Kirke
 28505 | Swamp:2  | Identified the cursed scarf "Prison of Ashenzari" {rC+ rF+,
                  | Dev, Elem} (You found it on level 3 of the Dungeon)
 28505 | Swamp:2  | Identified the cursed +2 helmet of the Fated Doubts {Melee,
                  | Elem} (You found it on level 12 of the Dungeon)
 28505 | Swamp:2  | Identified the cursed +2 buckler "Cursed Together" {Melee,
                  | Comp} (You found it on level 1 of the Lair of Beasts)
 28505 | Swamp:2  | Identified the cursed +3 troll leather armour "Ensconced
                  | Disgust" {Regen+, Pargi, Bglg, Cun} (You found it in a
                  | sewer)
 28505 | Swamp:2  | Identified the cursed ring of Ashenzari's Gloom {AC+4,
                  | Comp, Dev} (You found it in an ice cave)
 29346 | Swamp:3  | Reached skill level 15 in Necromancy
 29551 | Swamp:4  | Entered Level 4 of the Swamp
 29666 | Swamp:4  | Reached XP level 20. HP: 126/145 MP: 0/0
 29673 | Swamp:4  | Noticed the 27-headed Lernaean hydra
 29677 | Swamp:4  | Killed the 26-headed Lernaean hydra
 29746 | Swamp:4  | Got a decaying rune of Zot
 30317 | Elf:1    | Entered Level 1 of the Elven Halls
 30451 | Elf:1    | Reached skill level 15 in Spellcasting
 30451 | Elf:1    | Reached skill level 15 in Conjurations
 30451 | Elf:1    | Reached skill level 15 in Hexes
 30451 | Elf:1    | Reached skill level 15 in Summonings
 30451 | Elf:1    | Reached skill level 15 in Transmutations
 30451 | Elf:1    | Reached skill level 15 in Fire Magic
 30451 | Elf:1    | Reached skill level 15 in Ice Magic
 30451 | Elf:1    | Reached skill level 15 in Air Magic
 30451 | Elf:1    | Reached skill level 15 in Earth Magic
 30451 | Elf:1    | Reached skill level 15 in Poison Magic
 30553 | Elf:1    | Found Pelewnut's Book Shoppe.
 30895 | Elf:1    | Identified the Tome of the Congregation
 31142 | Elf:2    | Found Moleatt's Jewellery Emporium.
 31142 | Elf:2    | Found a crumbling gateway.
 31222 | Desolati | Entered the Desolation of Salt
 31370 | Desolati | Identified the +2 robe "Garheur" {rF+ Dex+2}
 31483 | Desolati | Identified the ring of Sistonet {rPois rC+ Int+6 Stlth-}
 31512 | Desolati | Identified the Spellbook of the Coals
 31514 | Desolati | Identified the Almanac of the Sickening Crevasse
 31599 | Desolati | Reached XP level 21. HP: 138/151 MP: 0/0
 31599 | Desolati | Learned a level 8 spell: Maxwell's Capacitive Coupling
 31886 | Desolati | Identified the +5 cloak of Mavva {Int-5 Dex+9}
 31913 | Desolati | Identified the +0 arbalest of Defilement {drain, rN++ Int+6
                  | SInv}
 31914 | Desolati | Found the +3 crown of Dyrovepreva {rElec Int+2 SInv}
 32580 | Elf:2    | Lost mutation: You are frail. (-10% HP) [potion of
                  | mutation]
 32580 | Elf:2    | Lost mutation: You occasionally shout uncontrollably at
                  | your foes. [potion of mutation]
 32580 | Elf:2    | Gained mutation: You are agile. (Dex +4, Str/Int -1)
                  | [potion of mutation]
 32580 | Elf:2    | Gained mutation: You occasionally lose the ability to drink
                  | potions when taking damage. [potion of mutation]
 32580 | Elf:2    | Gained mutation: You are partially covered in iridescent
                  | scales. (AC +2) [potion of mutation]
 32630 | Elf:2    | Found a runed translucent gate.
 32631 | Elf:2    | Found a runed translucent gate.
 32631 | Elf:2    | Found a runed translucent gate.
 32901 | Elf:3    | Entered Level 3 of the Elven Halls
 32926 | Elf:3    | Found Ceawkee's Jewellery Shop.
 33051 | Elf:3    | Found Sagimafe's Armour Shoppe.
 33127 | Elf:3    | Found Ubrocext's Jewellery Shop.
 33129 | Elf:3    | Found Jihur's Armour Shop.
 33616 | Elf:3    | Noticed Bai Suzhen
 33656 | Elf:3    | Killed Bai Suzhen
 33819 | Elf:3    | Identified the amulet of Gateclof {*Corrode rElec rC++
                  | Regen+ MP+9}
 33937 | Elf:3    | Identified the +5 mace of Izil {speed, *Corrode Will+ Str+3
                  | SInv}
 33971 | Elf:3    | Reached XP level 22. HP: 144/179 MP: 0/0
 34053 | Elf:3    | Identified the +2 flail "Qeleacuac" {drain, rC+ Dex+3
                  | Stlth+}
 34079 | Elf:3    | Identified the Discursus on Puissant Snow
 34084 | Elf:3    | Identified the +0 pair of gloves of Xaheley {Rampage rElec
                  | Str-3 Dex+4}
 34085 | Elf:3    | Identified the +6 arbalest "Geuqor" {drain, *Corrode Str+2
                  | Int+4}
 34089 | Elf:3    | Identified the staff "Iraaruhualu" {rPois rCorr Earth
                  | Poison}
 34473 | Vaults:1 | Entered Level 1 of the Vaults
 34982 | Vaults:1 | Found Biracaguho's General Store.
 35178 | D:13     | You paid a toll of 16 potions of curing to enter a treasure
                  | trove
 35179 | Trove    | Entered a treasure trove
 35179 | Trove    | Identified the +8 tower shield of Decompression {rPois
                  | rCorr Int+4 Dex-4}
 35179 | Trove    | Identified the +1 hat "Igogip" {rElec Str+3}
 35179 | Trove    | Identified the ring "Moelih" {Wiz rElec}
 35179 | Trove    | Identified the +0 hat "Lihah" {+Blink rPois rCorr Dex+3}
 35179 | Trove    | Identified the +4 tower shield "Dudoegh" {rPois rC+ Will+}
 35179 | Trove    | Found the ring of the Octopus King {HP+2 AC+2 EV+2 SH+2
                  | SInv}
 35179 | Trove    | Found the ring of the Octopus King {HP+2 AC+2 EV+2 SH+2
                  | SInv}
 35179 | Trove    | Identified the ring "Wimimyapt" {Will- AC+4 Int+5 Dex+5}
 35179 | Trove    | Identified the ring of Virtue {Will++ Int+6}
 35179 | Trove    | Identified the ring "Ducas" {rF+ Int+6}
 35181 | Trove    | Identified the ring of the Everdark {Int+6 Dex+5}
 35554 | Vaults:1 | Identified the +5 great sword "Undertaker" {pain, Contam
                  | rElec Dex+2}
 35563 | Vaults:1 | Reached skill level 15 in Shields
 36396 | Vaults:2 | Identified the -1 pair of boots of Precision Catastrophes
                  | {rElec rCorr Str-5 Dex+2}
 36448 | Vaults:2 | Found Doul's Antique Armour Emporium.
 36453 | Vaults:2 | Bought a pitted leather armour for 308 gold pieces
 36453 | Vaults:2 | Identified the +2 leather armour of Tenacity {rCorr Slay+2}
                  | (You bought it in a shop on level 2 of the Vaults)
 36710 | Vaults:2 | Identified the +4 long sword of Action {speed, rF++ Int+6
                  | Dex-3}
 36868 | Vaults:2 | Identified the +11 whip "Qooh" {flame, Dex+7}
 37331 | Vaults:3 | Reached XP level 23. HP: 178/188 MP: 0/0
 37331 | Vaults:3 | Learned a level 7 spell: Haunt
 38058 | Abyss:2  | Cast into level 2 of the Abyss (a wizard)
 38140 | Abyss:3  | Found an opulent altar of Gozag.
 38218 | Abyss:3  | Noticed a profane servitor
 38222 | Abyss:3  | Killed a profane servitor
 38253 | Abyss:3  | Paralysed by accursed screaming for 1 turns
 38274 | Vaults:3 | Escaped the Abyss
 38348 | Vaults:3 | Reached skill level 10 in Armour
 38432 | Vaults:3 | Found a staircase to the Crypt.
 38433 | Vaults:3 | Found a basalt altar of Yredelemnul.
 38791 | Vaults:4 | Noticed Margery
 38808 | Vaults:4 | Killed Margery
 38984 | Vaults:4 | Noticed Mara
 38984 | Vaults:4 | Noticed Mara
 38984 | Vaults:4 | Noticed Mara
 38985 | Vaults:4 | Noticed motkurizz's illusion
 39009 | Vaults:4 | Killed Mara
 39075 | Vaults:4 | Noticed Saint Roka
 39084 | Vaults:4 | Killed Saint Roka
 39471 | Vaults:4 | Reached XP level 24. HP: 164/195 MP: 0/0
 39519 | Vaults:4 | Found a transporter.
 39519 | Vaults:4 | Noticed Fauhuump's ghost (adept TeAE)
 39520 | Vaults:4 | Found a transporter.
 39543 | Vaults:4 | Identified the +2 halberd "Mesexzikh" {drain, Str+2 Int+7}
 40289 | Depths:1 | Entered Level 1 of the Depths
 40386 | Depths:1 | Found a one-way gate leading to the halls of Pandemonium.
 40451 | Depths:1 | Found a transporter.
 40574 | Depths:1 | Found Big Baal Hell's Store.
 40598 | Depths:1 | Found a gateway to Hell.
 40799 | Depths:1 | Found a transporter.
 40825 | Depths:1 | Found a white marble altar of Elyvilon.
 41074 | Depths:1 | Found Nepy's Tremendous Tomes.
 41278 | Depths:2 | Found a one-way gateway to a ziggurat.
 41420 | Depths:2 | Found a bloodstained altar of Trog.
 42016 | Depths:2 | Identified the +9 shortbow "Killer Bee's Curse" {drain,
                  | Str+5 Int-3 SInv}
 42016 | Depths:2 | Identified the +4 dagger of Exquisite Death {flame, rElec
                  | rN+ Str+2 Dex+2}
 42504 | Depths:2 | Identified the ring "Catuir" {Will+ rCorr Int+3}
 42509 | Depths:2 | Noticed the Enchantress
 42524 | Depths:2 | Killed the Enchantress
 42569 | Depths:2 | Identified the +2 cloak "Hunamut" {Int+4}
 42570 | Depths:2 | Identified the +0 hat "Aciecuykk" {Str+2}
 42899 | Depths:3 | Reached skill level 10 in Staves
 42945 | Depths:3 | Reached XP level 25. HP: 172/202 MP: 0/0
 42945 | Depths:3 | Learned a level 8 spell: Discord
 42987 | Depths:3 | Noticed a caustic shrike
 42992 | Depths:3 | Noticed a caustic shrike
 42993 | Depths:3 | Noticed a caustic shrike
 42996 | Depths:3 | Noticed a caustic shrike
 43002 | Depths:3 | Killed a caustic shrike
 43004 | Depths:3 | Killed a caustic shrike
 43019 | Depths:3 | Killed a caustic shrike
 43276 | Depths:3 | Killed a caustic shrike
 43453 | Depths:3 | Identified the +9 hand axe of Wisiq Ucwo {venom, Will+
                  | rCorr Str+3 Int+3}
 43733 | Depths:4 | Entered Level 4 of the Depths
 44502 | Depths:4 | Found a gate to the Realm of Zot.
 45125 | D:3      | Bought a +8 ring of evasion for 936 gold pieces
 45735 | Vaults:5 | Entered Level 5 of the Vaults
 45750 | Vaults:5 | Reached XP level 26. HP: 174/210 MP: 0/0
 45751 | Vaults:5 | Killed an ancient lich
 45836 | Vaults:5 | Identified the +7 great mace of the Vine {flame, Str+5
                  | Dex-3}
 45858 | Vaults:5 | Identified the +2 morningstar of Wu Jian's Approval {venom,
                  | Will+ Dex+3 SInv}
 45946 | Vaults:5 | Noticed a dread lich
 45953 | Vaults:5 | Killed a dread lich
 46133 | Vaults:5 | Identified the +9 storm dragon scales of Inviolability
                  | {*Corrode +Blink rElec rN+}
 46194 | Vaults:5 | Identified the +8 great mace of Hiliet {speed, rElec rF+
                  | Int-4}
 46200 | Vaults:5 | Identified the +8 rapier "Eviscerator" {holy, rN+}
 46208 | Vaults:5 | Identified the +1 scale mail of Qekud {*Corrode rC++ Int+3
                  | Dex+2}
 46253 | Vaults:5 | Identified the +6 scimitar of the Growing Gods {freeze,
                  | Int+4}
 46334 | Vaults:5 | Identified the staff of the Boiling Point {rElec rF- rC+
                  | Str+3 Int+5 Air}
 46337 | Vaults:5 | Identified the +1 cloak of the Curupira {rN+}
 46442 | Vaults:5 | Identified the +0 plate armour of the Fabulous God {rPois
                  | rC- Str+6}
 46611 | Vaults:5 | Got a silver rune of Zot
 46671 | Vaults:5 | Noticed a dread lich
 46688 | Vaults:5 | Killed a dread lich
 46770 | Vaults:5 | Identified the +8 bardiche "Wyuga Qih" {distort, rN++ Int+3
                  | Dex-2 SInv}
 46847 | Vaults:5 | Found Qinuloik's Magic Scroll Boutique.
 46857 | Vaults:5 | Bought a scroll of teleportation for 57 gold pieces
 46857 | Vaults:5 | Bought a scroll of blinking for 142 gold pieces
 46857 | Vaults:5 | Bought a scroll of fog for 76 gold pieces
 46857 | Vaults:5 | Bought a scroll of fear for 76 gold pieces
 46857 | Vaults:5 | Bought a scroll of blinking for 142 gold pieces
 47077 | Vaults:5 | Identified the +0 leather armour of Focus {rC+ Regen+}
 47593 | Zot:1    | Entered Level 1 of the Realm of Zot
 47639 | Zot:1    | Found a runed translucent door.
 47639 | Zot:1    | Noticed Cyqimiab's ghost (legendary MfGl)
 47704 | Zot:1    | Reached XP level 27. HP: 185/218 MP: 0/0
 47704 | Zot:1    | Learned a level 9 spell: Fire Storm
 47771 | Zot:1    | Found the +4 dragonskin cloak
 47771 | Zot:1    | Noticed Tiamat
 47775 | Zot:1    | Killed Tiamat
 47909 | Zot:1    | Reached skill level 27 in Translocations
 48088 | Zot:1    | Killed Cyqimiab's ghost
 49982 | Zot:4    | Found a shimmering altar of Xom.
 49988 | Zot:4    | Noticed a Killer Klown
 49992 | Zot:4    | Noticed a Killer Klown
 49993 | Zot:4    | Killed a Killer Klown
 49996 | Zot:4    | Killed a Killer Klown
 50010 | Zot:4    | Found a shimmering altar of Xom.
 50011 | Zot:4    | Found a shimmering altar of Xom.
 50011 | Zot:4    | Found a shimmering altar of Xom.
 50011 | Zot:4    | Found a glowing silver altar of Zin.
 50011 | Zot:4    | Found a shimmering altar of Xom.
 50013 | Zot:4    | Found a shimmering altar of Xom.
 50014 | Zot:4    | Found a shimmering altar of Xom.
 50664 | Zot:4    | Found a shimmering altar of Xom.
 51110 | Zot:5    | Entered Level 5 of the Realm of Zot
 51624 | Zot:5    | Noticed a Killer Klown
 51631 | Zot:5    | Killed a Killer Klown
 51632 | Zot:5    | Noticed an orb of fire
 51635 | Zot:5    | Killed an orb of fire
 51637 | Zot:5    | Noticed a Killer Klown
 51637 | Zot:5    | Noticed an orb of fire
 51643 | Zot:5    | Noticed a dread lich
 51644 | Zot:5    | Noticed an orb of fire
 51646 | Zot:5    | Killed an orb of fire
 51656 | Zot:5    | Noticed an orb of fire
 51663 | Zot:5    | Killed a dread lich
 51667 | Zot:5    | Noticed a Killer Klown
 51672 | Zot:5    | Gained mutation: You are occasionally teleported next to
                  | monsters. [an orb of fire]
 51678 | Zot:5    | Noticed a Killer Klown
 51686 | Zot:5    | Reached skill level 15 in Armour
 51693 | Zot:5    | Noticed an orb of fire
 51701 | Zot:5    | Killed a Killer Klown
 51701 | Zot:5    | Gained mutation: Your body sometimes deteriorates upon
                  | taking damage. [an orb of fire]
 51710 | Zot:5    | Noticed a dread lich
 51713 | Zot:5    | Noticed a Killer Klown
 51753 | Zot:5    | Lost mutation: You are occasionally teleported next to
                  | monsters. [potion of mutation]
 51753 | Zot:5    | Lost mutation: Your body sometimes deteriorates upon taking
                  | damage. [potion of mutation]
 51753 | Zot:5    | Gained mutation: You occasionally lose the ability to read
                  | scrolls when taking damage. [potion of mutation]
 51753 | Zot:5    | Gained mutation: You expend health (3 HP) to strengthen
                  | your wands. [potion of mutation]
 51753 | Zot:5    | Gained mutation: You are very agile. (Dex +8, Str/Int -2)
                  | [potion of mutation]
 51754 | Zot:5    | Lost mutation: You expend health (3 HP) to strengthen your
                  | wands. [potion of mutation]
 51754 | Zot:5    | Lost mutation: You are very agile. (Dex +8, Str/Int -2)
                  | [potion of mutation]
 51754 | Zot:5    | Lost mutation: You are partially covered in iridescent
                  | scales. (AC +2) [potion of mutation]
 51754 | Zot:5    | Gained mutation: You are robust. (+10% HP) [potion of
                  | mutation]
 51754 | Zot:5    | Gained mutation: You are weak. (Str -2) [potion of
                  | mutation]
 51754 | Zot:5    | Gained mutation: You are somewhat resistant to further
                  | mutation. [potion of mutation]
 51755 | Zot:5    | Lost mutation: You occasionally lose the ability to read
                  | scrolls when taking damage. [potion of mutation]
 51755 | Zot:5    | Lost mutation: You occasionally lose the ability to drink
                  | potions when taking damage. [potion of mutation]
 51755 | Zot:5    | Lost mutation: You are agile. (Dex +4, Str/Int -1) [potion
                  | of mutation]
 51755 | Zot:5    | Gained mutation: You are partially covered in iridescent
                  | scales. (AC +2) [potion of mutation]
 51755 | Zot:5    | Gained mutation: You sometimes lose your temper in combat.
                  | [potion of mutation]
 51755 | Zot:5    | Gained mutation: You have very sharp teeth. [potion of
                  | mutation]
 51769 | Zot:5    | Killed an orb of fire
 51775 | Zot:5    | Killed an orb of fire
 51783 | Zot:5    | Killed a Killer Klown
 51793 | Zot:5    | Killed a dread lich
 51850 | Zot:5    | Noticed an ancient lich
 51857 | Zot:5    | Killed an ancient lich
 51870 | Zot:5    | Killed a Killer Klown
 51878 | Zot:5    | Killed an orb of fire
 51879 | Zot:5    | Reached skill level 27 in Necromancy
 51890 | Zot:5    | Killed a Killer Klown
 52232 | Zot:5    | Got the Orb of Zot
 52301 | Zot:5    | Noticed Noimimm the pandemonium lord
 52611 | Depths:1 | Noticed Lezeup the pandemonium lord
 52818 | D:4      | Noticed Wiosafuo the pandemonium lord
 52937 | D:$      | Escaped with the Orb!

Illustrated notes

Levels and vault maps discovered:
D:1:      lightli_arrival_flooded_house, layout_basic
D:2:      minmay_kobold_bridge, layout_basic
D:3:      layout_rooms, nicolae_shop_unique_rings
D:4:      layout_loops_ring, portal_sewer_entry_e
D:5:      layout_basic, lemuel_coloured_pillars_altar,
          minmay_temple_entry_sparse_star, gammafunk_ghost_cemetery
D:6:      layout_loops_cross, nicolae_hepliaklqana_monster_ancestors,
          serial_shops, shop, ebering_ghost_reflecting_pool, kennysheep_donut,
          minmay_hedge_maze
D:7:      cheibrodos_wizards_tower, layout_gridville, uniq_jeremiah
D:8:      layout_rooms, mainiacjoe_overflow_small_starburst,
          due_lair_maze_entry_diamond, enter_bailey_5
D:9:      old_forge, layout_cave_pools, mainiacjoe_overflow_six_doors_small,
          serial_shops, kennysheep_mini
D:10:     layout_gridville, gammafunk_temple_overflow_claw, david_orc_2,
          chequers_serial_rivers_micro_e, uniq_grum, uniq_erica
D:11:     cheibrodos_steamvent, layout_irregular_city,
          ebering_dispersal_statue_hall, uniq_sonja
D:12:     layout_gridville
D:13:     layout_stronghold, hellmonk_vaults_attempted_burglary, enter_trove_5,
          uniq_azrael, uniq_lodul
D:14:     layout_gridville, lemuel_round_altar, st_stairs_10, uniq_snorg
D:15:     hangedman_depths_entry_civil_slaughter, layout_small_grid,
          fedhas_altar_4, minivault_14, onia_ninara_cookie
Temple:   regret_index_temple_generic_petals
Lair:1:   layout_loops_ring, portal_ice_cave_rime, dreamdust_wasp_nest,
          grunt_megastairs_5, lemuel_fruit_tree, serial_bayou_shore_a,
          infiniplex_staircase_pool
Lair:2:   layout_regular_city, palyth_hydra_swamp_entry,
          spider_nest_entry_funnel_web, guppyfry_lair_drakes, grunt_megastairs_2
Lair:3:   layout_regular_city, serial_bayou, serial_bayou_pond_a,
          serial_bayou_pond_c, serial_bayou_shore_b, serial_bayou_pond_d,
          uniq_amaemon
Lair:4:   layout_misc_corridors, dpeg_slime_entry_enclosed
Lair:5:   hellmonk_lair_end_abyssal_woods, layout_regular_city,
          lemuel_centaur_altar
Swamp:1:  layout_basic_swamp, ebering_ghost_rock_garden, nicolae_swamp_treefoil
Swamp:2:  nicolae_swamp_ascending_descending, layout_basic_swamp,
          nicolae_swamp_tree_isthmus, swamp_pool5,
          nicolae_swamp_oklob_treasure_island, uniq_roxanne, uniq_kirke
Swamp:3:  layout_basic_swamp, hangedman_swamp_ruin_hall
Swamp:4:  swamp, layout_basic_swamp, swamp_pool1, nicolae_swamp_bloodsuckers_inc
Spider:1: layout_spider_delve, drop_trap, nicolae_spider_undead_wolf_pack
Spider:2: nicolae_spider_hilbert_zone_4 [nicolae_spider_hilbert_4_sides_2_open,
          nicolae_spider_hilbert_4_sides_1_open,
          nicolae_spider_hilbert_4_sides_1_open,
          nicolae_spider_hilbert_4_sides_1_open,
          nicolae_spider_hilbert_4_sides_1_open,
          nicolae_spider_hilbert_2_sides_1_open,
          nicolae_spider_hilbert_2_sides_1_open,
          nicolae_spider_hilbert_2_sides_1_open,
          nicolae_spider_hilbert_2_sides_1_open,
          nicolae_spider_hilbert_6_sides_1_open,
          nicolae_spider_hilbert_6_sides_1_open,
          nicolae_spider_hilbert_3_sides_1_open,
          nicolae_spider_hilbert_3_sides_1_open], gammafunk_ghost_cemetery,
          nicolae_spider_stair_cavern
Spider:3: layout_spider_delve
Spider:4: hellmonk_spider_rune_bug_friends
Orc:1:    layout_caves, serial_shops, shop, basic_altar
Orc:2:    grunt_orc_community_town_hall, layout_caves,
          grunt_orc_community_big_house_2, grunt_orc_community_big_house_1,
          grunt_orc_community_house_1, grunt_orc_community_house_1,
          grunt_orc_community_house_2, grunt_orc_community_house_3,
          serial_shops, shop, gauntlet_entry_generic, nooodl_orcs_dogs
Elf:1:    minmay_elf_arrival_plus, layout_loops_cross, serial_shops,
          nicolae_book_shop_shelving, minmay_elf_demonology
Elf:2:    nicolae_elf_blades_crystal_corner, layout_loops_cross,
          portal_desolation_entry_garden, serial_shops,
          nicolae_shop_statue_plus, nicolae_twisty_statue_hallways
Elf:3:    minmay_elf_hall_dome, layout_geoelf_castle, basic_altar, serial_shops,
          nicolae_shop_trees, shop_statue, shop, shop_fountains, st_stairs_4,
          hangedman_elf_targeted_burst, uniq_bai_suzhen
Vaults:1: nicolae_vaults_tangram_2, nicolae_vaults_back_hallway,
          nicolae_vaults_network_periphery, nicolae_vaults_storage_closets_1,
          vaults_room_corners, ontoclasm_vaults_decontamination,
          nicolae_vaults_double_plus_2, nicolae_vaults_network_star,
          st_smaller_cells, nicolae_vaults_trapezoid_layered,
          nicolae_vaults_trapezoid_2, layout_vaults_omnibox, serial_shops, shop
Vaults:2: nicolae_vaults_ellipses_ellipsis, vaults_room_hallway, v_misc_19,
          hangedman_vaults_river_flow, nicolae_vaults_rhombus_6,
          nicolae_vaults_steering_wheel, grunt_vaults_twisty,
          nicolae_vaults_house_3, vaults_room_corners, vaults_dpeg_cross,
          nicolae_vaults_apartment_2, layout_vaults_omnigrid, serial_shops, shop
Vaults:3: ontoclasm_vaults_ring_square, nicolae_vaults_apartment_1,
          nicolae_vaults_house_2, nicolae_vaults_stairing_the_circle,
          vaults_dpeg_emergency_exit, ontoclasm_vaults_pinch,
          nicolae_vaults_closet_pinwheel_4, grunt_vaults_swirl,
          nicolae_vaults_mini_display_case, minmay_crypt_entry_necro_gods,
          nicolae_vaults_ninety_degrees, layout_vaults_omnicross
Vaults:4: gammafunk_ghost_mausoleum, st_cells, nicolae_vaults_sightless_eye,
          v_rooms_3, hangedman_vaults_corner_blocks, dpeg_vaults_monster_box,
          nicolae_vaults_closet_pinwheel_2, nicolae_vaults_yaktaur_gun_rack,
          nicolae_vaults_house_3, nicolae_vaults_three_branches,
          hangedman_vaults_stretched_pinwheel, nicolae_vaults_apartment_2,
          layout_vaults_maze_bifur, uniq_mara, uniq_saint_roka, uniq_margery
Vaults:5: serial_shops
Depths:1: layout_roguey, nicolae_hell_entry_big_baal_hell,
          rand_demon_pan_entry_7, nicolae_elyvilon_peaceful_grove,
          nicolae_shop_i_like_big_books, nicolae_diode_stairs,
          serial_bayou_shore_b
Depths:2: spriggan_forest, serial_shops, pan_entry, hell_entry
Depths:3: hangedman_cross_stitches, layout_long_grid, hell_entry, abyss_entry,
          uniq_enchantress
Depths:4: grunt_zot_entry_gee_three, layout_basic, hangedman_coc_ice_floe
Zot:1:    layout_misc_corridors, gammafunk_ghost_grave, grunt_ministairs_3,
          uniq_tiamat
Zot:2:    layout_gridlike
Zot:3:    layout_gridlike
Zot:4:    dreamdust_zin_vs_xom, layout_cathedral_of_symmetry
Zot:5:    layout_gridlike, st_stairs_9

Skill      XL: |  1  2  3  4  5  6  7  8  9 10 11 12 13 14 15 16 17 18 19 20 21 22 23 24 25 26 27 |
---------------+----------------------------------------------------------------------------------+-----
Spellcasting   | 4 6 8 9 10 11 12 13 14 15 16 17 18 19 22 | 22.2
Conjurations   | 4 6 8 9 10 11 12 13 14 15 16 17 18 19 22 | 22.2
Hexes          | 4 6 8 9 10 11 12 13 14 15 16 17 18 19 22 | 22.2
Summonings     | 4 6 8 9 10 11 12 13 14 15 16 17 18 19 22 | 22.2
Necromancy     | 4 6 8 9 10 11 12 13 15 16 17 18 19 21 22 23 27 | 27.0
Translocations | 4 6 7 8 10 13 14 15 16 17 18 19 20 21 22 23 24 25 26 27 | 27.0
Transmutations | 4 6 8 9 10 11 12 13 14 15 16 17 18 19 22 | 22.2
Fire Magic     | 4 6 8 9 10 11 12 13 14 15 16 17 18 19 22 | 22.2
Ice Magic      | 4 6 8 9 10 11 12 13 14 15 16 17 18 19 22 | 22.2
Air Magic      | 4 6 8 9 10 11 12 13 14 15 16 17 18 19 22 | 22.2
Earth Magic    | 4 6 8 9 10 11 12 13 14 15 16 17 18 19 22 | 22.2
Poison Magic   | 4 6 8 9 10 11 12 13 14 15 16 17 18 19 22 | 22.2
Fighting       | 2 3 5 8 9 10 11 12 13 15 16 17 18 19 20 21 22 | 22.8
Armour         | 2 3 4 5 6 7 9 10 11 12 15 | 15.6
Dodging        | 4 6 8 10 11 13 14 15 16 17 18 19 20 | 20.1
Stealth        | 2 3 |  3.0
Evocations     | 1 2 3 5 7 |  7.3
Shields        | 4 5 6 8 9 10 11 13 14 16 18 20 21 | 21.9
Staves         | 7 8 10 | 10.0

Action                     |  1- 3 |  4- 6 |  7- 9 | 10-12 | 13-15 | 16-18 | 19-21 | 22-24 | 25-27 || total
---------------------------+-------+-------+-------+-------+-------+-------+-------+-------+-------++-------
  Melee: Short sword       |       |    14 |       |       |       |       |       |       |       ||    14
         Punch             |       |     1 |       |       |       |       |       |       |       ||     1
         Rapier            |       |       |     1 |       |       |       |       |       |       ||     1
         Hand axe          |       |       |       |     4 |     9 |     5 |       |       |       ||    18
         Staff             |       |       |       |       |       |   227 |   598 |   672 |   498 ||  1995
         Bite              |       |       |       |       |       |       |       |       |     1 ||     1
   Fire: Sling             |     1 |    20 |    12 |     2 |       |       |       |       |       ||    35
  Throw: Dart              |       |       |       |       |     2 |       |       |       |       ||     2
   Cast: Foxfire           |    42 |    36 |    94 |   183 |   248 |    18 |       |     9 |     2 ||   632
         Scorch            |     2 |    14 |    72 |   117 |   363 |   278 |    40 |     1 |     5 ||   892
         Summon Small Mamm |     1 |     4 |       |       |       |       |       |       |       ||     5
         Inner Flame       |       |     2 |     2 |       |       |       |       |       |       ||     4
         Volatile Blastmot |       |       |    25 |   116 |    84 |    13 |       |       |       ||   238
         Summon Guardian G |       |       |     7 |    28 |    20 |     3 |     1 |       |       ||    59
         Call Imp          |       |       |     2 |     3 |     2 |     1 |       |       |       ||     8
         Ozocubu's Armour  |       |       |       |     4 |    11 |    25 |    13 |     3 |     1 ||    57
         Freezing Cloud    |       |       |       |    10 |    98 |   108 |    85 |    67 |    10 ||   378
         Flame Wave        |       |       |       |    11 |    47 |    65 |    20 |     9 |     3 ||   155
         Simulacrum        |       |       |       |       |    25 |    77 |   237 |   279 |   232 ||   850
         Silence           |       |       |       |       |     1 |       |       |       |       ||     1
         Dispersal         |       |       |       |       |       |     4 |     2 |     2 |     5 ||    13
         Enfeeble          |       |       |       |       |       |       |    13 |    30 |     4 ||    47
         Maxwell's Capacit |       |       |       |       |       |       |    11 |    29 |   103 ||   143
         Haunt             |       |       |       |       |       |       |       |    32 |    54 ||    86
         Discord           |       |       |       |       |       |       |       |       |    14 ||    14
         Fire Storm        |       |       |       |       |       |       |       |       |    22 ||    22
 Invoke: Curse Item        |       |       |       |       |     9 |     3 |     2 |     2 |     4 ||    20
         Shatter the Chain |       |       |       |       |     2 |     1 |     3 |     2 |     3 ||    11
  Evoke: Wand              |       |       |       |     1 |     3 |       |       |       |       ||     4
         Lightning rod     |       |       |       |       |     1 |       |       |    11 |     2 ||    14
         Phial of floods   |       |       |       |       |       |       |       |       |     1 ||     1
         Phantom mirror    |       |       |       |       |       |       |       |       |     1 ||     1
         Condenser vane    |       |       |       |       |       |       |       |       |     1 ||     1
    Use: Scroll            |       |     8 |     6 |     5 |     2 |       |     2 |     1 |    14 ||    38
         Potion            |       |       |       |     3 |     2 |       |     3 |       |    13 ||    21
   Stab: Sleeping          |       |     2 |       |       |     1 |     1 |     2 |     2 |     2 ||    10
         Distracted        |       |     1 |       |       |       |       |     8 |    12 |    17 ||    38
         Invisible         |       |       |       |       |       |       |       |    11 |     5 ||    16
 Armour: Robe              |     4 |     2 |       |       |       |       |       |       |       ||     6
         Troll leather arm |       |     2 |    21 |    48 |   100 |   215 |   136 |    80 |    56 ||   658
  Dodge: Dodged            |     3 |    15 |    46 |   134 |   256 |   681 |   597 |   431 |   395 ||  2558
  Block: Buckler           |       |       |       |    27 |   150 |   360 |   379 |   246 |       ||  1162
         Tower shield      |       |       |       |       |       |       |       |   530 |   857 ||  1387

Table legend: (Time is in decaauts)
 A = Elapsed time spent in this place.
 B = Non-inter-level travel time spent in this place.
 C = Inter-level travel time spent in this place.
 D = Time resting spent in this place.
 E = Time spent auto-exploring this place.
 F = Levels seen in this place.
 G = Mean time per level.
                   A        B        C        D        E       F      G
               +--------+--------+--------+--------+--------+-----+--------+
         Total |  52440 |  47046 |   5394 |   1584 |  28803 |  56 |  936.4 |
       Dungeon |  13815 |  11729 |   2086 |    372 |   7665 |  15 |  921.0 |
        Temple |      4 |      4 |      0 |      0 |      0 |   1 |    4.0 |
          Lair |   6514 |   5848 |    666 |    408 |   3664 |   5 | 1302.8 |
         Swamp |   2393 |   2259 |    134 |      0 |   1599 |   4 |  598.2 |
   Spider Nest |   4013 |   3767 |    246 |    104 |   2409 |   4 | 1003.2 |
  Orcish Mines |   1673 |   1536 |    137 |      0 |    974 |   2 |  836.5 |
   Elven Halls |   2920 |   2797 |    123 |     19 |   1713 |   3 |  973.3 |
        Vaults |   6910 |   5999 |    911 |     60 |   3919 |   5 | 1382.0 |
        Depths |   4914 |   4271 |    643 |      0 |   2947 |   4 | 1228.5 |
           Zot |   4773 |   4328 |    445 |     30 |   3006 |   5 |  954.6 |
         Abyss |    205 |    205 |      0 |      0 |     90 |   2 |  102.5 |
         Trove |    149 |    149 |      0 |      0 |      0 |   1 |  149.0 |
         Sewer |    139 |    139 |      0 |      0 |     57 |   1 |  139.0 |
        Bailey |    846 |    846 |      0 |     78 |    137 |   1 |  846.0 |
      Ice Cave |   1490 |   1490 |      0 |    496 |    193 |   1 | 1490.0 |
    Desolation |    995 |    995 |      0 |      0 |    228 |   1 |  995.0 |
      Gauntlet |    680 |    680 |      0 |     17 |    202 |   1 |  680.0 |
               +--------+--------+--------+--------+--------+-----+--------+

Top non-repeatable levels by time:
Depths:2: 1648 daAuts
Vaults:1: 1613 daAuts
  Lair:2: 1584 daAuts
  Lair:1: 1531 daAuts
   IceCv: 1490 daAuts
Vaults:5: 1422 daAuts
   Elf:3: 1401 daAuts
    D:13: 1381 daAuts
Vaults:4: 1326 daAuts
Vaults:3: 1317 daAuts
    D:15: 1293 daAuts
  Lair:5: 1277 daAuts
   Zot:4: 1235 daAuts
Vaults:2: 1231 daAuts
Spider:4: 1209 daAuts
